 Dungeon Crawl Stone Soup version 0.30-a0-4-ga7cffc901d (webtiles) character file.

Game seed: 7034817771551799750

5808 Setbun the Slicer (level 11, -2/76 HPs)
             Began as a Kobold Brigand on Aug 21, 2022.
             Was a Believer of Wu Jian.
             Slain by Erolcha
             ... wielding a +0 giant spiked club
              (14 damage)
             ... on level 10 of the Dungeon.
             The game lasted 00:13:44 (10690 turns).

Setbun the Slicer (Kobold Brigand)                 Turns: 10690, Time: 00:13:44

Health: -2/76      AC:  6    Str:  9    XL:     11   Next: 7%
Magic:  0/9        EV: 19    Int: 19    God:    Wu Jian [**....]
Gold:   493        SH:  0    Dex: 24    Spells: 10/10 levels left

rFire   . . .      SeeInvis .    y - +10 rapier of Ygih {venom, Fly rC- Int+3 Dex+5}
rCold   x . .      Faith    .    (no shield)
rNeg    . . .      Spirit   +    b - +0 robe
rPois   +          Reflect  .    j - +0 helmet
rElec   .          Harm     .    c - +0 cloak
rCorr   .          Rampage  .    k - +0 pair of gloves
Will    +....                    H - +0 pair of boots
Stlth   +++++.....               n - amulet of guardian spirit
HPRegen 0.22/turn                E - ring of willpower
MPRegen 0.11/turn                S - ring of poison resistance

@: brilliant, lethally poisoned (-2 -> -3), flying, hasted and slowed
A: small, no large weapons, nightstalker 3, clever 1, low MP 1, subdued magic 1
a: Renounce Religion, Wall Jump


You were on level 10 of the Dungeon.
You worshipped Wu Jian.
Wu Jian was pleased with you.
You visited 2 branches of the dungeon, and saw 11 of its levels.

You collected 493 gold pieces.

Inventory:

Hand Weapons
 a - a +2 dagger
 g - a +2 short sword of electrocution
 p - a +1 dagger of flaming
 y - the +10 rapier of Ygih (weapon) {venom, Fly rC- Int+3 Dex+5}
   (You took it off a kobold on level 2 of the Dungeon)

   It poisons the flesh of those it strikes.
   Int:       It affects your intelligence (+3).
   Dex:       It affects your dexterity (+5).
   rC:        It makes you vulnerable to cold.
   Fly:       It grants you flight.
Missiles
 d - 32 poisoned darts (quivered)
 e - 3 curare-tipped darts
Armour
 b - a +0 robe (worn)
 c - a +0 cloak (worn)
 j - a +0 helmet (worn)
 k - a +0 pair of gloves (worn)
 H - a +0 pair of boots (worn)
Jewellery
 i - an amulet of faith
 l - a ring of positive energy
 n - an amulet of guardian spirit (around neck)
 A - a ring of fire
 E - a ring of willpower (left hand)
 F - a ring of fire
 G - a ring of willpower
 L - a ring of flight
 R - a ring of protection from fire
 S - a ring of poison resistance (right hand)
 V - a ring of protection from cold
Wands
 o - a wand of light (7)
 J - a wand of mindburst (23)
 K - a wand of charming (13)
 N - a wand of polymorph (4)
 Q - a wand of flame (18)
Scrolls
 h - a scroll of fear {unknown}
 m - 11 scrolls of identify {unknown}
 r - 10 scrolls of teleportation {unknown}
 s - 3 scrolls of amnesia {unknown}
 t - a scroll of poison {unknown}
 u - 3 scrolls of fog {unknown}
 x - 4 scrolls of noise {unknown}
 I - 2 scrolls of vulnerability {unknown}
 M - a scroll of summoning {unknown}
 O - a scroll of blinking {unknown}
 T - a scroll of silence {unknown}
 U - a scroll of enchant weapon {unknown}
Potions
 f - 3 potions of lignification
 q - 2 potions of haste
 v - 3 potions of mutation
 w - a potion of brilliance
 z - a potion of flight
 B - 3 potions of heal wounds
 C - 2 potions of magic {unknown}
 D - 2 potions of berserk rage {unknown}
 P - a potion of curing {unknown}


   Skills:
 - Level 12.0 Fighting
 - Level 14.0 Short Blades
 - Level 2.1 Throwing
 + Level 5.5 Dodging
 - Level 5.3 Stealth


You had 10 spell levels left.
You didn't know any spells.
Your spell library contained the following spells:

 Spells                   Type           Power      Damage    Failure   Level
 Magic Dart               Conj           0%         1d3       17%         1
 Call Imp                 Summ           0%         N/A       26%         2
 Ensorcelled Hibernation  Hex/Ice        0%         N/A       26%         2
 Gell's Gravitas          Tloc           0%         N/A       47%         3
 Lesser Beckoning         Tloc           0%         N/A       47%         3
 Mephitic Cloud           Conj/Pois/Air  0%         N/A       47%         3
 Spider Form              Tmut/Pois      0%         N/A       47%         3
 Teleport Other           Tloc           0%         N/A       47%         3
 Airstrike                Air            0%         2d(0-16)  88%         4
 Anguish                  Hex/Necr       0%         N/A       88%         4
 Passage of Golubria      Tloc           0%         N/A       88%         4
 Summon Lightning Spire   Summ/Air       0%         N/A       88%         4
 Lightning Bolt           Conj/Air       0%         1d11      99%         5
 Silence                  Hex/Air        0%         N/A       99%         5
 Lehudib's Crystal Spear  Conj/Erth      0%         10d2      100%        8


Dungeon Overview and Level Annotations

Branches:
Dungeon (10/15)            Temple (1/1) D:5            Lair (0/5) D:9
    Orc: D:9-12

Altars:
Ashenzari
Cheibriados
Dithmenos
Gozag
Hepliaklqana
Kikubaaqudgha
Okawaru
Qazlal
Ru
Sif Muna
Trog
Uskayaw
Vehumet
Wu Jian
Xom
The Shining One

Shops:
D:7 (   D:8 [

Annotations:
D:10 Erolcha


Innate Abilities, Weirdness & Mutations

You are small and have problems with some larger weapons.
You are completely attuned to the shadows.
Your mind is acute. (Int +4, Str/Dex -1)
Your magical capacity is low. (-10% MP)
Your spells are a little easier to cast, but a little less powerful.


Message History

The gnoll sergeant hits you from afar with a +0 vampiric spear.
You feel yourself speed up.
The gnoll sergeant hits you from afar with a +0 vampiric spear.
The gnoll barely misses you.
The kobold brigand throws a curare-tipped dart.
The curare-tipped dart hits you.
You are poisoned.
You have difficulty breathing.
* * * LOW HITPOINT WARNING * * *
You feel yourself slow down.
* * * LOW HITPOINT WARNING * * *
You feel very sick.
You feel very sick. The gnoll sergeant barely misses you. The gnoll misses you.
You feel much better.
You feel sick.
The gnoll sergeant hits you from afar with a +0 vampiric spear!
The gnoll closely misses you.
You feel sick.
The kobold brigand throws a curare-tipped dart.
The curare-tipped dart barely misses you.
The gnoll closely misses you.
The gnoll sergeant hits you but does no damage.
You feel clever all of a sudden.
You feel sick. The gnoll closely misses you.
The gnoll sergeant hits you from afar with a +0 vampiric spear!
* * * LOW HITPOINT WARNING * * *
The kobold brigand hits you with a +0 dagger.
* * * LOW HITPOINT WARNING * * *
You feel yourself speed up.
You feel sick.
You hear some strange, mumbled words.
Something tries to affect you, but you resist.
The gnoll sergeant hits you from afar with a +0 vampiric spear.
* * * LOW HITPOINT WARNING * * *
The gnoll barely misses you.
The kobold brigand hits you but does no damage.
The gnoll sergeant barely misses you.
The kobold brigand hits you with a +0 dagger.
* * * LOW HITPOINT WARNING * * *
Something hits you!
You die...

# #[.......# ##
##.......# .##
##......# ..##
#####.....#
...##########........##
.................#####
................)#
.....###########)# ###
#....# #..)@####.#
##...#### .....K.#...##
#....#.. .....g.g....#
##...... ............#
##..... ............#
#...... ...........#
##...... ..........#
##....... ....(......#
#........
...ยง........#


You could see a kobold brigand, a gnoll sergeant and a gnoll.

Vanquished Creatures
  A two-headed ogre (D:8)
  2 trolls (D:9)
  2 wyverns
  3 yaks (D:10)
  A steam dragon (D:9)
  A water moccasin (D:9)
  A black bear (D:4)
  4 orc warriors
  An ice beast (D:5)
  3 sky beasts
  An ogre (D:4)
  5 centaurs
  A kobold brigand (D:8)
  5 bullfrogs
  2 necrophages (D:7)
  4 scorpions
  3 wights (D:9)
  8 killer bees
  4 howler monkeys
  5 hounds
  5 orc priests
  2 gnoll boudas
  3 jellies
  6 iguanas
  6 orc wizards
  10 gnolls
  9 adders
  A shadow imp (D:5)
  4 white imps
  2 ufetubi
  2 worms
  3 dart slugs
  21 orcs
  4 endoplasms
  8 giant cockroaches
  4 goblins
  7 hobgoblins
  3 jackals (D:3)
  5 quokkas
  11 ball pythons
  3 bats
  5 frilled lizards
  18 kobolds
  5 rats
204 creatures vanquished.

Vanquished Creatures (others)
  2 gnolls (D:10)
2 creatures vanquished.

Grand Total: 206 creatures vanquished

Notes
Turn   | Place    | Note
-------+----------+-------------------------------------------
     0 | D:1      | Setbun the Kobold Brigand began the quest for the Orb.
     0 | D:1      | Reached XP level 1. HP: 12/12 MP: 1/1
    33 | D:1      | Reached skill level 3 in Short Blades
   180 | D:1      | Reached XP level 2. HP: 17/17 MP: 2/2
   522 | D:1      | Reached skill level 4 in Short Blades
   556 | D:1      | Reached XP level 3. HP: 18/21 MP: 3/3
   718 | D:1      | Found a faded altar of an unknown god.
  1326 | D:2      | Reached skill level 5 in Short Blades
  1448 | D:2      | Reached XP level 4. HP: 26/26 MP: 4/4
  1468 | D:2      | Identified the +10 rapier of Ygih {venom, Fly rC- Int+3
                  | Dex+5}
  1721 | D:2      | Reached skill level 6 in Short Blades
  1901 | D:2      | Reached XP level 5. HP: 18/30 MP: 5/5
  2249 | D:3      | Reached skill level 7 in Short Blades
  2790 | D:4      | Noticed an ogre
  2794 | D:4      | Killed an ogre
  2795 | D:4      | Reached skill level 8 in Short Blades
  2795 | D:4      | Reached XP level 6. HP: 11/35 MP: 6/6
  3164 | D:4      | Noticed a black bear
  3267 | D:4      | Identified the +5 whip of Fedhas's Favour {speed, rN+ Int-4
                  | Dex+4}
  3324 | D:4      | Killed a black bear
  3325 | D:4      | Reached skill level 9 in Short Blades
  3325 | D:4      | Reached XP level 7. HP: 38/40 MP: 7/7
  3431 | D:4      | Found an opulent altar of Gozag.
  3439 | D:4      | Found a snail-covered altar of Cheibriados.
  3626 | D:4      | Reached skill level 10 in Short Blades
  3655 | D:5      | Entered Level 5 of the Dungeon
  3973 | D:5      | Found a staircase to the Ecumenical Temple.
  3992 | Temple   | Entered the Ecumenical Temple
  4016 | Temple   | Became a worshipper of the Wu Jian Council
  4053 | D:5      | Found a sacrificial altar of Ru.
  4154 | D:5      | Reached skill level 11 in Short Blades
  4154 | D:5      | Reached XP level 8. HP: 44/44 MP: 8/8
  5313 | D:6      | Reached skill level 12 in Short Blades
  5513 | D:6      | Reached skill level 13 in Short Blades
  5534 | D:6      | Reached * piety under Wu Jian
  5886 | D:6      | Reached XP level 9. HP: 48/48 MP: 9/9
  5892 | D:6      | Found a shadowy altar of Dithmenos.
  6387 | D:7      | Reached skill level 14 in Short Blades
  6467 | D:7      | Found Kemefox's Weapon Boutique.
  6672 | D:7      | Reached skill level 5 in Fighting
  7034 | D:8      | Noticed a two-headed ogre
  7297 | D:8      | Found Ruheph's Antique Armour Emporium.
  7764 | D:8      | Reached ** piety under Wu Jian
  7765 | D:8      | Reached XP level 10. HP: 59/64 MP: 10/10
  7863 | D:8      | Killed a two-headed ogre
  8167 | D:8      | Found a bloodstained altar of Trog.
  8167 | D:8      | Found an iron altar of Okawaru.
  8170 | D:8      | Reached skill level 10 in Fighting
  9109 | D:9      | Found a staircase to the Lair.
  9551 | D:9      | Gained mutation: Your spells are a little easier to cast,
                  | but a little less powerful. [potion of mutation]
  9551 | D:9      | Gained mutation: Your magical capacity is low. (-10% MP)
                  | [potion of mutation]
  9551 | D:9      | Gained mutation: Your mind is acute. (Int +4, Str/Dex -1)
                  | [potion of mutation]
  9559 | D:9      | HP: 3/106 [orc warrior/+0 long sword (8)]
  9954 | D:9      | Found a hide-covered altar of Uskayaw.
 10220 | D:10     | Entered Level 10 of the Dungeon
 10427 | D:10     | Reached XP level 11. HP: 76/76 MP: 9/9
 10430 | D:10     | Reached skill level 5 in Dodging
 10663 | D:10     | Identified the +6 great mace of Feq Veext {flame, Will+
                  | MP+9}
 10671 | D:10     | Noticed Erolcha
 10690 | D:10     | Slain by Erolcha

Illustrated notes

Levels and vault maps discovered:
D:1:      matt_arrival_spirals, layout_basic,
          shapermc_ecumenical_altar_mp_highgroup
D:2:      layout_rooms, wander_ebering_terrifying_dragon_lair
D:3:      layout_loops_ring
D:4:      layout_cave_pools, amethyst_overflow_temple_binary
D:5:      layout_basic, nicolae_ru_great_annihilating_truth,
          minmay_temple_entry_slanted, minmay_liquid_box, lemuel_another_geyser
D:6:      layout_basic, mainiacjoe_overflow_24_doors,
          amcnicky_mini_rare_corridor_liquid
D:7:      minmay_inner_zag, layout_rooms, serial_shops, nicolae_shop_statue_plus
D:8:      layout_basic, grunt_temple_overflow_bloody_war, serial_shops,
          nicolae_take_the_stairs, st_stairs_7
D:9:      layout_loops_corners, kennysheep_mini_moat, lair_entry_dummy
D:10:     layout_cave_pods, ploomutoo_gammafunk_ghost_potion_laboratory,
          dreamdust_wishing_well, uniq_erolcha
Temple:   hellmonk_temple_of_storms

Skill      XL: |  1  2  3  4  5  6  7  8  9 10 11 |
---------------+----------------------------------+-----
Short Blades   | 3 4 5 6 8 9 11 13 14 | 14.0
Fighting       | 8 12 | 12.0
Dodging        | 4 5 |  5.5
Throwing       | |  2.1
Stealth        | |  5.3

Action                   |  1- 3 |  4- 6 |  7- 9 | 10-12 || total
-------------------------+-------+-------+-------+-------++-------
Melee: Short sword       |    62 |     4 |       |       ||    66
       Dagger            |     5 |       |       |       ||     5
       Rapier            |       |    75 |   143 |   108 ||   326
       Punch             |       |     1 |       |     2 ||     3
Invok: Lunge             |       |       |    28 |    12 ||    40
       Whirlwind         |       |       |     3 |       ||     3
  Use: Potion            |       |       |       |    11 ||    11
 Stab: Sleeping          |    20 |    18 |    34 |    10 ||    82
       Distracted        |       |     2 |     4 |     1 ||     7
Armor: Robe              |     8 |    17 |    10 |    13 ||    48
       Skin              |       |       |       |    22 ||    22
Dodge: Dodged            |    24 |    47 |    40 |    54 ||   165

Table legend: (Time is in decaauts)
 A = Elapsed time spent in this place.
 B = Non-inter-level travel time spent in this place.
 C = Inter-level travel time spent in this place.
 D = Time resting spent in this place.
 E = Time spent auto-exploring this place.
 F = Levels seen in this place.
 G = Mean time per level.
                   A        B        C        D        E       F      G
               +--------+--------+--------+--------+--------+-----+--------+
         Total |  10573 |  10249 |    324 |   1682 |   7213 |  11 |  961.2 |
       Dungeon |  10529 |  10205 |    324 |   1682 |   7200 |  10 | 1052.9 |
        Temple |     43 |     43 |      0 |      0 |     13 |   1 |   43.0 |
               +--------+--------+--------+--------+--------+-----+--------+

Top non-repeatable levels by time:
     D:5: 1639 daAuts
     D:9: 1635 daAuts
     D:8: 1353 daAuts
     D:1: 1170 daAuts
     D:3: 965 daAuts
     D:6: 963 daAuts
     D:2: 851 daAuts
     D:7: 835 daAuts
     D:4: 649 daAuts
    D:10: 466 daAuts
  Temple: 43 daAuts
